AoeStats
← GratedSalt76014

Arabia

508018456Analyzed
1v1 RM · 11d ago on Sep 20, 2026· 61m 15s· 2 players
Game mode
Random Map
Map size
Tiny (2 player)
Population
200
Speed
Normal
Resources
Standard
Victory
Conquest
Starting age
Dark Age
Ending age
Imperial Age
RankedLock teamsTeams togetherTeam positionsShared explorationLock speedFull tech treeHidden civsTurbo modeCheats
Victory
Defeat
🇹🇷 Celts · Türkiye
730
+15
🇨🇱 Japanese · Chile
711
-15
xboxchaker1196
1:25 Loom
11:18 Feudal Age
11:55 Double-Bit Axe
11:58 Horse Collar
15:18 Gold Mining
15:19 Stone Mining
21:01 Castle Age
20:35 Scale Mail Armor
20:37 Fletching
22:08 Bow Saw
22:04 Heavy Plow
24:13 Wheelbarrow
24:45 Chain Mail Armor
27:21 Forging
26:38 Crossbowman
29:11 Hand Cart
32:19 Iron Casting
31:42 Bodkin Arrow
31:48 Padded Archer Armor
34:29 Ballistics
37:50 Imperial Age
35:09 Elite Skirmisher
40:27 Light Cavalry
45:35 Arbalester
48:06 Leather Archer Armor
47:51 Bracer
47:54 Heavy Scorpion
50:44 Elite Samurai
56:46 Husbandry
GratedSalt76014
2:39 Loom
10:23 Feudal Age
10:50 Double-Bit Axe
13:15 Horse Collar
22:17 Castle Age
21:29 Wheelbarrow
20:41 Town Watch
21:10 Gold Mining
21:18 Stone Mining
22:43 Arson
22:45 Gambesons
23:31 Forging
23:22 Scale Mail Armor
24:49 Iron Casting
25:53 Heavy Plow
26:38 Bow Saw
27:16 Stronghold
28:27 Gold Shaft Mining
30:27 Stone Shaft Mining
31:17 Chain Mail Armor
36:05 Fletching
36:17 Padded Archer Armor
37:49 Bodkin Arrow
38:10 Leather Archer Armor
45:18 Imperial Age
46:25 Conscription
45:27 Elite Woad Raider
47:27 Chemistry
46:55 Ballistics
46:54 Heavy Scorpion
58:43 Blast Furnace
58:14 Plate Mail Armor
58:14 Ring Archer Armor
60:13 Furor Celtica
60:43 Hoardings
Connection lost

Rejoining the realm…

Still unreachable

The connection could not be restored.

Session expired

The server has moved on; the page needs a fresh start.